 Dungeon Crawl Stone Soup version 0.29-a0-542-g075992c915 (webtiles) character file.

Game seed: 14350681579079422600

0 Fndbld the Ruffian (level 1, -4/18 HPs)
             Began as a Naga Transmuter on June 3, 2022.
             Slain by a goblin
             ... wielding a +0 club
              (5 damage)
             ... on level 1 of the Dungeon.
             The game lasted 00:01:43 (101 turns).

Fndbld the Ruffian (Naga Transmuter)                 Turns: 101, Time: 00:01:44

Health: -4/18      AC:  1    Str: 12    XL:     1   Next: 10%
Magic:  3/3        EV:  9    Int: 13    God:
Gold:   14         SH:  0    Dex: 11    Spells: 3/4 levels left

rFire   . . .      SeeInvis +     - Unarmed
rCold   . . .      Faith    .   (no shield)
rNeg    . . .      Spirit   .   a - +0 robe
rPois   +          Reflect  .   (no helmet)
rElec   .          Harm     .   (no cloak)
rCorr   .          Rampage  .   (no gloves)
Will    .....                   (no barding)
Stlth   +.........              (no amulet)
HPRegen 0.06/turn               (no ring)
MPRegen 0.08/turn               (no ring)

@: very slow
A: AC +0, large, see invisible, deformed body, poison resistance, slowness 2,
spit poison 1, naga tail 1
a: Spit Poison


You were on level 1 of the Dungeon.
You visited 1 branch of the dungeon, and saw 1 of its levels.

You collected 14 gold pieces.

Inventory:

Armour
 a - a +0 robe (worn)
Potions
 b - a potion of lignification
 c - a potion of ambrosia {unknown}


   Skills:
 + Level 1.0 Fighting
 + Level 1.5 Dodging
 + Level 3.0 Unarmed Combat
 + Level 2.0 Spellcasting
 + Level 2.0 Transmutations


You had 3 spell levels left.
You knew the following spells:

 Your Spells              Type           Power      Damage    Failure   Level
a - Beastly Appendage     Tmut           12%        N/A       11%         1

Your spell library contained the following spells:

 Spells                   Type           Power      Damage    Failure   Level
 Wereblood                Tmut           6%         N/A       17%         2
 Spider Form              Tmut/Pois      3%         N/A       45%         3
 Ice Form                 Ice/Tmut       3%         N/A       86%         4


Dungeon Overview and Level Annotations

Branches:
Dungeon (1/15)

Altars:


Innate Abilities, Weirdness & Mutations

Your serpentine skin is tough. (AC +0)
You have supernaturally acute eyesight. (SInv)
Armour fits poorly on your strangely shaped body.
Your system is resistant to poisons. (rPois)
You cover ground very slowly.
You can spit poison.
You have a snake-like lower body.


Message History

You enter the shallow water.
Moving in this stuff is going to be slow.
Found 14 gold pieces and a yellow potion.
You now have 14 gold pieces.
A bat comes into view.
Found a leather armour.
You see here a yellow potion.
c - a yellow potion
Found 13 gold pieces.
The bat barely misses you. The bat closely misses you.
You hit the bat but do no damage. The bat barely misses you.
You closely miss the bat. The bat hits you but does no damage.
You barely miss the bat. The bat barely misses you.
Found an escape hatch in the floor.
The bat hits you but does no damage. x2
The bat hits you but does no damage. The bat hits you.
The bat hits you but does no damage.
You miss the bat. The bat hits you but does no damage.
You hit the bat.
The bat is severely wounded.
The bat completely misses you.
You hit the bat.
You kill the bat!
HP restored.
A goblin comes into view. It is wielding a +0 club.
The goblin shouts!
You hear a shout!
A kobold comes into view. It is wielding a +0 dagger.
The kobold shouts!
A goblin comes into view. It is wielding a +0 club.
The goblin hits you with a +0 club.
You see here a +0 leather armour.
You closely miss the goblin. The goblin barely misses you.
You completely miss the goblin. The goblin closely misses you.
You barely miss the goblin. The goblin hits you with a +0 club.
You barely miss the goblin. The goblin barely misses you.
The kobold throws a stone.
The stone barely misses you.
You barely miss the goblin. The goblin hits you with a +0 club. x2
* * * LOW HITPOINT WARNING * * *
The kobold throws a stone.
The stone hits you.
* * * LOW HITPOINT WARNING * * *
You closely miss the goblin. The goblin hits you with a +0 club.
You die...

#.#.## ♣♣♣
.##....##...♣♣♣♣P♣♣♣
.......#..♣♣≈≈≈≈≈≈≈
#........♣♣≈♣♣♣♣♣♣♣
#.......♣♣≈♣♣≈≈≈≈≈♣
..>....♣≈♣♣≈≈♣♣♣♣≈
##ggK...♣≈♣≈♣♣≈≈≈♣♣
#.@....♣♣≈♣≈♣P≈♣♣≈♣
#......♣P≈♣≈♣♣≈P♣≈♣
#......♣♣≈♣≈≈≈≈♣♣≈♣
##......♣≈♣P♣♣♣≈≈♣♣
##.....♣≈♣♣♣≈≈≈♣♣≈
..#####..♣♣≈≈≈♣♣♣♣≈♣
..........♣♣P♣♣≈≈≈♣♣
..#####....♣♣♣<≈♣♣♣.
#.....♣♣♣♣♣..♣


You could see 2 goblins and a kobold.

Vanquished Creatures
  A bat (D:1)
1 creature vanquished.

Notes
Turn   | Place    | Note
-------+----------+-------------------------------------------
     0 | D:1      | Fndbld the Naga Transmuter began the quest for the Orb.
     0 | D:1      | Reached XP level 1. HP: 18/18 MP: 3/3
   101 | D:1      | Slain by a goblin

Illustrated notes

Levels and vault maps discovered:
D:1:      nagdon_arrival_double_spiral, layout_rooms

Action                   || total
-------------------------++-------
Melee: Unarmed           ||    12
Armor: Robe              ||     6
Dodge: Dodged            ||     9

Table legend: (Time is in decaauts)
 A = Elapsed time spent in this place.
 B = Non-inter-level travel time spent in this place.
 C = Inter-level travel time spent in this place.
 D = Time resting spent in this place.
 E = Time spent auto-exploring this place.
 F = Levels seen in this place.
 G = Mean time per level.
                   A        B        C        D        E       F      G
               +--------+--------+--------+--------+--------+-----+--------+
         Total |    181 |     35 |    146 |      0 |      0 |   1 |  181.0 |
       Dungeon |    181 |     35 |    146 |      0 |      0 |   1 |  181.0 |
               +--------+--------+--------+--------+--------+-----+--------+

Top non-repeatable levels by time:
     D:1: 181 daAuts
